 Dungeon Crawl Stone Soup version 0.25-a0-356-g7c9d860b3b (webtiles) character file.

Game seed: 8919340539781036946, levelgen mode: deterministic

22406 pk666 the Thaumaturge (level 12, -3/59 HPs)
             Began as a Deep Elf Wizard on Jan 3, 2020.
             Was a High Priest of Vehumet.
             Slain by Rupert
             ... wielding a +4 great mace of draining
              (16 damage)
             ... on level 3 of the Lair of Beasts on Jan 4, 2020.
             The game lasted 01:18:57 (23434 turns).

pk666 the Thaumaturge (Deep Elf Wizard)            Turns: 23434, Time: 01:18:59

Health: -3/59      AC: 12    Str:  4    XL:     12   Next: 62%
Magic:  15/40      EV: 19    Int: 32    God:    Vehumet [*****.]
Gold:   263        SH:  0    Dex: 13    Spells: 8/38 levels left

rFire    . . .     SeeInvis .   Q - +11 whip of the Wolf {slash, rPois MP+9}
rCold    + . .     Gourm    .   (no shield)
rNeg     . . .     Faith    .   H - +1 robe {rC+}
rPois    +         Spirit   .   b - +0 hat
rElec    .         Reflect  .   R - +0 cloak
rCorr    .         Harm     .   F - +0 pair of gloves
MR       +....                  I - +0 pair of boots (curse)
Stlth    ++........             (no amulet)
HPRegen  0.19/turn              l - +6 ring of protection
MPRegen  0.27/turn              D - +3 ring of intelligence

@: drained
A: no striking features
a: Renounce Religion


You were on level 3 of the Lair of Beasts.
You worshipped Vehumet.
Vehumet was extremely pleased with you.
You were not hungry.

You visited 3 branches of the dungeon, and saw 16 of its levels.

You collected 757 gold pieces.
You spent 494 gold pieces at shops.

Inventory:

Hand Weapons
 z - a +1 dagger of protection
 Q - the +11 whip of the Wolf (weapon) {slash, rPois MP+9}
   (You found it on level 1 of the Lair of Beasts)

   It inflicts extra damage upon your enemies.
   It protects you from poison.
   It affects your magic capacity (+9).
Armour
 b - a +0 hat (worn)
 F - a +0 pair of gloves (worn)
 H - a +1 robe of cold resistance (worn)
 I - a cursed +0 pair of boots (worn)
 R - a +0 cloak (worn)
Jewellery
 a - an uncursed ring of protection from magic
 l - a +6 ring of protection (left hand)
 o - an uncursed ring of protection from magic
 D - a +3 ring of intelligence (right hand)
 N - an uncursed ring of stealth {unknown}
Wands
 e - a wand of scattershot (6)
 i - a wand of polymorph (5)
 u - a wand of disintegration (16)
 A - a wand of paralysis (15)
 C - a wand of clouds (3)
 J - a wand of iceblast (9)
Scrolls
 g - 11 scrolls of teleportation
 j - 6 scrolls of amnesia
 m - 3 scrolls of magic mapping
 n - a scroll of fog {unknown}
 q - 3 scrolls of enchant weapon {unknown}
 r - a scroll of blinking {unknown}
 v - 2 scrolls of immolation {unknown}
 w - 2 scrolls of random uselessness {unknown}
 y - 2 scrolls of fear {unknown}
 G - 6 scrolls of remove curse
 K - a scroll of torment {unknown}
 L - a scroll of noise {unknown}
 O - a scroll of vulnerability {unknown}
 S - 4 scrolls of identify
Potions
 c - a potion of ambrosia
 f - 4 potions of mutation
 h - 3 potions of might
 k - 4 potions of agility
 p - 3 potions of lignification
 s - 2 potions of haste
 t - a potion of resistance
 x - 2 potions of flight
 B - a potion of curing
 E - 3 potions of brilliance
 P - a potion of magic
Miscellaneous
 M - a lightning rod (4/4)
 T - a crystal ball of energy
Comestibles
 d - 38 rations


   Skills:
 + Level 12.3(11.5) Dodging
 - Level 2.4(1.8) Stealth
 + Level 13.9(13.1) Spellcasting
 + Level 11.5(10.7) Conjurations
 - Level 2.0(1.5) Summonings
 - Level 1.1(0.5) Translocations
 + Level 11.2(10.4) Fire Magic
 - Level 2.0(1.4) Air Magic
 - Level 2.0(1.4) Poison Magic
 + Level 2.7(2.1) Evocations


You had 8 spell levels left.
You knew the following spells:

 Your Spells              Type           Power        Failure   Level  Hunger
a - Magic Dart            Conj           ####         1%          1    None
b - Blink                 Tloc           N/A          2%          2    None
c - Conjure Flame         Conj/Fire      ######..     1%          3    None
d - Mephitic Cloud        Conj/Pois/Air  ######..     1%          3    None
e - Call Imp              Summ           ####....     1%          2    None
f - Foxfire               Conj/Fire      ####         1%          1    None
g - Ignite Poison         Fire/Tmut/Pois #####...     1%          3    None
l - Apportation           Tloc           ###...       1%          1    None
s - Bolt of Magma         Conj/Fire/Erth ######....   1%          5    None
x - Sticky Flame          Conj/Fire      ######..     1%          4    None
z - Fireball              Conj/Fire      ######....   1%          5    None

Your spell library contained the following spells:

 Spells                   Type           Power        Failure   Level  Hunger
 Yara's Violent Unravell  Hex/Tmut       ###.......   16%         5    None
 Sandblast                Erth           ###...       1%          1    None
 Summon Small Mammal      Summ           ####         1%          1    None
 Inner Flame              Hex/Fire       ######..     1%          3    None
 Stone Arrow              Conj/Erth      ######       1%          3    None
 Animate Skeleton         Necr           N/A          2%          1    None
 Confusing Touch          Hex            ###...       2%          1    None
 Passwall                 Tmut/Erth      ###.....     3%          2    None
 Slow                     Hex            ###.....     3%          2    None
 Lee's Rapid Deconstruct  Erth           ###.......   16%         5    None
 Petrify                  Tmut/Erth      ###.....     22%         4    None


Dungeon Overview and Level Annotations

Branches:
Dungeon (12/15)            Temple (1/1) D:4            Lair (3/6) D:8
    Orc (0/2) D:10
  Swamp: Lair:2-4    Shoals: Lair:2-4     Snake: Lair:2-4    Spider: Lair:2-4

Altars:
Ashenzari
Cheibriados
Dithmenos
Elyvilon
Fedhas
Gozag
Hepliaklqana
Kikubaaqudgha
Makhleb
Nemelex Xobeh
Okawaru
Qazlal
Ru
Sif Muna
Trog
Uskayaw
Vehumet
Wu Jian
Xom
Yredelemnul
Zin
The Shining One
Beogh

Shops:
D:4 !   D:5 [::(*

Annotations:
D:11 exclusion: 2 downstairs
D:12 Frances; Jorgrun
Lair:1 3 runed translucent doors, Wiebster667's ghost, novice MiBe
Lair:2 exclusion: downstairs
Lair:3 Fannar; Rupert


Message History

Confirm with . or Enter, or press ? or * to list all spells.
Aiming: Sticky Flame (safe; 1% risk of failure)
Press: ? - help, Shift-Dir - straight line, f/p - Rupert
Aim: Rupert, wielding a +4 great mace of draining and wearing a +0 chain mail (heavily wounded, unusually strong)
The sticky flame hits Rupert.
Rupert is heavily wounded.
Rupert is covered in liquid flames!
Rupert burns!
Rupert completely misses you.
Casting: Sticky Flame (safe; 1% risk of failure)
Confirm with . or Enter, or press ? or * to list all spells.
Aiming: Bolt of Magma (safe; 1% risk of failure)
Press: ? - help, Shift-Dir - straight line, f/p - Rupert
Aim: Rupert, wielding a +4 great mace of draining and wearing a +0 chain mail (heavily wounded, unusually strong, covered in liquid flames)
The bolt of magma hits Rupert!!!
Rupert is almost dead.
Rupert burns!
Rupert hits you with a +4 great mace of draining!!!
Ouch! That really hurt!
* * * LOW HITPOINT WARNING * * *
You feel drained.
You die...

...............##
................#
................##
..P.......#.....###
##.......##......#
#.......##P.....#
#.......####.....#
#........# ......
##.....@<.# .....
#......@..# #....
#.....○○°## ##..
##.....☼..# #.
#....○☼○##
#......## ##.....#
#.....### #.......#


You could see Rupert (burning).

Vanquished Creatures
  A hydra (D:8)
  4 two-headed ogres
  An unseen horror (D:11)
  2 ugly things
  Joseph (D:9)
  3 black mambas (Lair:1)
  2 gargoyles
  A torpor snail (Lair:2)
  6 komodo dragons
  2 spiny frogs
  2 trolls (D:10)
  Grinder (D:6)
  2 hornets
  2 dream sheep (D:8)
  5 blink frogs (Lair:3)
  4 hippogriffs
  Sigmund (D:2)
  12 yaks
  2 shadows
  A wyvern (D:11)
  A basilisk (Lair:3)
  Menkaure (D:6)
  A hungry ghost (D:11)
  7 water moccasins
  A porcupine (Lair:1)
  A swamp drake (Lair:3)
  3 orc warriors
  4 ice beasts
  A phantom (D:11)
  4 sky beasts
  A necrophage (D:9)
  4 ogres
  5 centaurs
  4 wolves (Lair:3)
  11 crocodiles
  11 bullfrogs
  5 big kobolds
  A wyvern zombie (D:9)
  4 scorpions
  2 wyvern skeletons (D:10)
  A water moccasin skeleton (D:10)
  9 killer bees
  8 wights
  An electric eel (Lair:2)
  4 howler monkeys
  4 centaur zombies
  6 crimson imps
  2 quasits
  A bullfrog zombie (D:12)
  A jelly (D:5)
  2 hounds
  5 orc priests
  A bullfrog skeleton (D:10)
  8 orc wizards
  Jessica (D:3)
  7 iguanas
  7 worker ants
  2 killer bee zombies
  A hound zombie (D:5)
  A hound skeleton (D:5)
  Robin (D:4)
  19 adders
  A shadow imp (D:5)
  2 worms (D:3)
  2 dart slugs
  11 leopard geckos
  29 orcs
  6 ball pythons
  8 giant cockroaches
  13 hobgoblins
  6 jackals
  7 quokkas
  6 bats
  4 frilled lizards
  26 goblins
  A jackal skeleton (D:4)
  A jackal zombie (D:5)
  18 kobolds
  A leopard gecko skeleton (D:6)
  6 rats
367 creatures vanquished.

Vanquished Creatures (collateral kills)
  A centaur (D:7)
  A crimson imp (D:11)
  A quokka (D:6)
3 creatures vanquished.

Vanquished Creatures (others)
  A centaur (D:5)
  95 foxfires
  8 fungi
  3 plants
107 creatures vanquished.

Grand Total: 477 creatures vanquished

Notes
Turn   | Place    | Note
-------+----------+-------------------------------------------
     0 | D:1      | pk666 the Deep Elf Wizard began the quest for the Orb.
     0 | D:1      | Reached XP level 1. HP: 10/10 MP: 7/7
   228 | D:1      | Reached XP level 2. HP: 15/15 MP: 4/9
  1172 | D:1      | Reached skill level 5 in Spellcasting
  1290 | D:2      | Reached XP level 3. HP: 16/19 MP: 2/11
  1386 | D:2      | Learned a level 2 spell: Blink
  1390 | D:2      | Learned a level 3 spell: Conjure Flame
  1394 | D:2      | Learned a level 3 spell: Mephitic Cloud
  1399 | D:2      | Learned a level 2 spell: Call Imp
  1503 | D:2      | Noticed Sigmund
  2028 | D:2      | Found a snail-covered altar of Cheibriados.
  2228 | D:3      | Reached XP level 4. HP: 24/24 MP: 8/13
  2481 | D:3      | Reached skill level 1 in Poison Magic
  2626 | D:3      | Noticed Jessica
  2638 | D:3      | Killed Jessica
  2638 | D:3      | Reached skill level 1 in Fire Magic
  2638 | D:3      | Reached skill level 1 in Air Magic
  2703 | D:3      | Found a blossoming altar of Fedhas.
  2723 | D:3      | Found a stormy altar of Qazlal.
  3001 | D:3      | Reached XP level 5. HP: 28/28 MP: 9/14
  3110 | D:3      | You fall into a shaft and drop 2 floors!
  3110 | D:5      | Entered Level 5 of the Dungeon
  3119 | D:5      | Killed a centaur
  3332 | D:5      | Found Xeamn's General Store.
  3335 | D:5      | Bought a scroll of remove curse for 33 gold pieces
  3335 | D:5      | Bought 2 scrolls of teleportation for 66 gold pieces
  3366 | D:5      | Found Baymueb's Antique Weapon Boutique.
  3370 | D:5      | Found Fudoy's Book Boutique.
  3371 | D:5      | Found Imuepeti's Book Shoppe.
  3451 | D:5      | Found Ruxoveor's Antique Armour Boutique.
  3518 | D:4      | Noticed Robin
  3821 | D:4      | Killed Robin
  3940 | D:4      | Reached XP level 6. HP: 32/32 MP: 14/16
  4233 | D:4      | Found an iron altar of Okawaru.
  4249 | D:4      | Reached skill level 6 in Spellcasting
  4324 | D:4      | Found Nutomaubri's Distillery.
  4337 | D:4      | Bought a potion of degeneration for 10 gold pieces
  4547 | D:4      | Reached XP level 7. HP: 36/36 MP: 7/18
  4925 | D:4      | Found a staircase to the Ecumenical Temple.
  4932 | Temple   | Entered the Ecumenical Temple
  4939 | Temple   | Became a worshipper of Vehumet
  5172 | D:4      | Found a shimmering blue altar of Sif Muna.
  5737 | D:5      | Found a shimmering altar of Xom.
  5851 | D:6      | Reached skill level 7 in Spellcasting
  6425 | D:6      | Noticed Grinder
  6446 | D:6      | Killed Grinder
  6446 | D:6      | Reached skill level 5 in Dodging
  6446 | D:6      | Reached skill level 5 in Conjurations
  6446 | D:6      | Reached XP level 8. HP: 41/41 MP: 2/21
  6810 | D:6      | Reached skill level 8 in Spellcasting
  6970 | D:6      | Noticed Menkaure
  6989 | D:6      | Killed Menkaure
  6989 | D:6      | Reached skill level 5 in Fire Magic
  7693 | D:3      | Reached * piety under Vehumet
  7693 | D:3      | Offered knowledge of Foxfire by Vehumet.
  7739 | D:3      | Learned a level 1 spell: Foxfire
  8238 | D:2      | Killed Sigmund
  8927 | D:7      | Reached XP level 9. HP: 45/45 MP: 12/23
  9132 | D:7      | Found a glowing golden altar of the Shining One.
  9132 | D:7      | Found a white marble altar of Elyvilon.
  9389 | D:7      | Reached skill level 9 in Spellcasting
  9535 | D:7      | Found a shattered altar of Ashenzari.
 10355 | D:8      | Noticed a two-headed ogre
 10373 | D:8      | Killed a two-headed ogre
 10911 | D:8      | Reached ** piety under Vehumet
 10911 | D:8      | Offered knowledge of Freeze by Vehumet.
 10911 | D:8      | Reached skill level 10 in Spellcasting
 11017 | D:8      | Found a sparkling altar of Nemelex Xobeh.
 11207 | D:8      | Noticed a purple ugly thing
 11332 | D:8      | Killed a purple ugly thing
 11332 | D:8      | Reached XP level 10. HP: 50/50 MP: 18/26
 11969 | D:8      | Noticed a three-headed hydra
 11998 | D:8      | Killed a three-headed hydra
 12133 | D:8      | Noticed a two-headed ogre
 12148 | D:8      | Killed a two-headed ogre
 12148 | D:8      | Reached skill level 11 in Spellcasting
 12536 | D:8      | Found a staircase to the Lair.
 12782 | D:8      | Found a hide-covered altar of Uskayaw.
 12796 | D:8      | Found a radiant altar of Vehumet.
 13204 | D:8      | Offered knowledge of Inner Flame by Vehumet.
 14385 | D:9      | Reached *** piety under Vehumet
 14419 | D:9      | Found a shadowy altar of Dithmenos.
 14428 | D:9      | Reached XP level 11. HP: 54/54 MP: 17/28
 14435 | D:9      | Reached skill level 10 in Dodging
 14703 | D:9      | Noticed Joseph
 15072 | D:9      | Learned a level 1 spell: Apportation
 15610 | D:10     | Entered Level 10 of the Dungeon
 15675 | D:10     | Noticed a two-headed ogre
 15763 | D:9      | Killed Joseph
 16119 | D:5      | Bought a book of Flames for 385 gold pieces
 16124 | D:5      | Learned a level 4 spell: Sticky Flame
 16130 | D:5      | Learned a level 5 spell: Fireball
 16245 | Lair:1   | Entered Level 1 of the Lair of Beasts
 16268 | Lair:1   | Reached skill level 12 in Spellcasting
 16605 | Lair:1   | Found a runed translucent gate.
 16605 | Lair:1   | Found a runed translucent gate.
 16605 | Lair:1   | Found a runed translucent gate.
 16626 | Lair:1   | Offered knowledge of Ignite Poison by Vehumet.
 16756 | Lair:1   | Noticed a minotaur
 16757 | Lair:1   | Noticed Wiebster667's ghost (novice MiBe)
 16949 | Lair:1   | Learned a level 3 spell: Ignite Poison
 16961 | Lair:1   | Reached skill level 10 in Conjurations
 17383 | Lair:1   | Identified the +11 whip of the Wolf {slash, rPois MP+9}
                  | (You found it on level 1 of the Lair of Beasts)
 17796 | D:9      | Identified the cursed +2 dagger of Embarrassment {protect,
                  | Int+3 Dex-5 Stlth+} (You found it on level 9 of the
                  | Dungeon)
 18117 | Lair:2   | Reached skill level 10 in Fire Magic
 19035 | Lair:3   | Noticed Rupert
 19274 | Lair:3   | Reached **** piety under Vehumet
 19276 | Lair:3   | Reached skill level 13 in Spellcasting
 19403 | Lair:3   | Reached XP level 12. HP: 58/59 MP: 23/31
 19404 | Lair:3   | Offered knowledge of Bolt of Magma by Vehumet.
 19486 | Lair:2   | Learned a level 5 spell: Bolt of Magma
 19649 | Lair:3   | Noticed Fannar
 20008 | D:10     | Found a staircase to the Orcish Mines.
 20149 | D:10     | Found a roughly hewn altar of Beogh.
 20621 | D:10     | Killed a two-headed ogre
 20833 | D:10     | Reached ***** piety under Vehumet
 21103 | D:11     | Offered knowledge of Yara's Violent Unravelling by Vehumet.
 21239 | D:11     | Noticed a two-headed ogre
 21241 | D:11     | Reached skill level 1 in Evocations
 21241 | D:11     | Killed a two-headed ogre
 22110 | D:11     | Identified the +4 falchion "Tazut" {antimagic, +Blink Dex+5
                  | Stlth-}
 22781 | D:12     | Noticed Jorgrun
 22959 | D:12     | Noticed Frances
 23427 | Lair:3   | Paralysed by Rupert for 3 turns
 23434 | Lair:3   | Slain by Rupert

Levels and vault maps discovered:
D:1:      erik_arrival_triangle_small, layout_basic
D:2:      layout_basic, lemuel_coloured_pillars_altar, first_ration,
          uniq_sigmund
D:3:      layout_basic, grunt_temple_overflow_forces_of_nature,
          minmay_snake_closets, uniq_jessica
D:4:      layout_loops_cross, kennysheep_okawaru_gauntlet,
          kennysheep_little_box, temple_green, serial_shops,
          nicolae_shop_temple_entry_statues_fountains, uniq_robin
D:5:      layout_rooms, xom_confusion_cloud, serial_shops, shop, shop_statue,
          nicolae_shop_behind_doors, shop_fountains, nicolae_shop_stone
D:6:      layout_basic, enter_ossuary_5, uniq_menkaure, uniq_grinder
D:7:      layout_basic, cheibrodos_ashenzari_chains,
          amethyst_overflow_temple_binary
D:8:      minmay_chambers_of_fours, layout_basic,
          nemelex_xobeh_ov_fountains_minmay, eat_drink_and_be_merry_uskayaw,
          dpeg_oklobed_lair, basic_altar, enter_bailey_3, hangedman_ranch
          [blue_anna_fruit_fields]
D:9:      layout_basic, lemuel_round_altar, minmay_misc_feat_chi, uniq_joseph
D:10:     layout_roguey, minmay_orc_entry_temple_small
D:11:     layout_basic
D:12:     minmay_general_purpose_star, layout_irregular_city, serial_shops,
          shop_fountains, minmay_fractal_squares_diagonal_5, uniq_frances,
          uniq_jorgrun
Temple:   eino_wide_crystal_templ
Lair:1:   layout_hall_layers, maelrawn_ghost_gauntlet_escape, grunt_megastairs_5
Lair:2:   layout_regular_city, grunt_forest_small_clearings, grunt_megastairs_2,
          lemuel_fruit_tree, infiniplex_staircase_pool
Lair:3:   layout_hall_layers, minmay_swamp_entry_reptiles, uniq_fannar,
          uniq_rupert

Skill      XL: |  1  2  3  4  5  6  7  8  9 10 11 12 |
---------------+-------------------------------------+-----
Dodging        | 3 5 6 8 9 11 12 | 12.3
Conjurations   | 2 3 4 5 6 7 9 10 11 | 11.5
Spellcasting   | 5 6 7 8 10 11 13 | 13.9
Poison Magic   | 1 2 |  2.0
Fire Magic     | 1 2 3 4 5 7 8 10 11 | 11.2
Air Magic      | 1 2 |  2.0
Summonings     | 2 |  2.0
Evocations     | 2 |  2.7
Stealth        | |  2.4
Translocations | |  1.1

Action                   |  1- 3 |  4- 6 |  7- 9 | 10-12 || total
-------------------------+-------+-------+-------+-------++-------
Melee: Dagger            |       |     4 |     1 |       ||     5
       Whip              |       |       |       |    14 ||    14
 Cast: Magic Dart        |   107 |   181 |   346 |   315 ||   949
       Conjure Flame     |       |    11 |    45 |    51 ||   107
       Mephitic Cloud    |       |     6 |     9 |    58 ||    73
       Call Imp          |       |     1 |     8 |    23 ||    32
       Blink             |       |     1 |     2 |    14 ||    17
       Foxfire           |       |       |    22 |    37 ||    59
       Fireball          |       |       |       |    88 ||    88
       Sticky Flame      |       |       |       |    29 ||    29
       Ignite Poison     |       |       |       |    24 ||    24
       Bolt of Magma     |       |       |       |    22 ||    22
Evoke: Lightning rod     |       |       |       |     3 ||     3
  Use: Scroll            |       |       |     9 |     6 ||    15
       Potion            |       |       |       |     3 ||     3
 Stab: Sleeping          |       |       |     1 |       ||     1
       Confused          |       |       |       |     1 ||     1
  Eat: Chunk             |     3 |     7 |    18 |    31 ||    59
       Ration            |       |       |     1 |     2 ||     3
Armor: Robe              |     1 |    13 |    21 |    38 ||    73
       Skin              |       |       |       |     9 ||     9
Dodge: Dodged            |    17 |    27 |    64 |   149 ||   257

Table legend:
 A = Non-vault XP
 B = Vault XP
 C = Vault XP percentage of total XP
 D = Non-vault monster count
 E = Vault monster count
 F = Vault count percentage of total count
                 A         B        C        D         E       F
            +---------+---------+-------+---------+---------+-------
      Total |   25456 |    6553 |  20.5 |     298 |      72 |  19.5
            +---------+---------+-------+---------+---------+-------
        D:1 |      37 |       0 |   0.0 |      20 |       0 |   0.0
        D:2 |      55 |     220 |  80.0 |      24 |       1 |   4.0
        D:3 |      83 |     136 |  62.1 |      23 |      12 |  34.3
        D:4 |     460 |      39 |   7.8 |      18 |      14 |  43.8
        D:5 |     184 |     218 |  54.2 |       8 |       7 |  46.7
        D:6 |     706 |     454 |  39.1 |      18 |       2 |  10.0
        D:7 |    1019 |       0 |   0.0 |      15 |       0 |   0.0
        D:8 |    3859 |    3039 |  44.1 |      37 |      18 |  32.7
        D:9 |     857 |     475 |  35.7 |      17 |       1 |   5.6
       D:10 |    3509 |     169 |   4.6 |      37 |       7 |  15.9
       D:11 |    4701 |       0 |   0.0 |      30 |       0 |   0.0
       D:12 |     234 |       3 |   1.3 |       4 |       1 |  20.0
     Lair:1 |    3481 |    1069 |  23.5 |      14 |       4 |  22.2
     Lair:2 |    2585 |     450 |  14.8 |      15 |       2 |  11.8
     Lair:3 |    3686 |     281 |   7.1 |      18 |       3 |  14.3
            +---------+---------+-------+---------+---------+-------
